 Zot Defence DCSS version 0.13.2 (webtiles) character file.

470 LordEnrai the Cudgeler (level 7, -1/70 (71) HPs)
             Began as an Ogre Berserker on Mar 25, 2017.
             Was a Follower of Trog.
             Slain by a wolf (8 damage)
             ... in the Realm of Zot (Scenario I: Hall of Zot).
             The game lasted 00:06:09 (608 turns).

LordEnrai the Cudgeler (Ogre Berserker)              Turns: 608, Time: 00:06:09

HP  -1/70 (71)   AC  3     Str 25      XL: 7   Next:  4%
MP   6/6         EV 11     Int  6      God: Trog [*.....]
Gold 20          SH  0     Dex  9      Spells:  0 memorised,  6 levels left

Res.Fire  : . . .   See Invis. : .   a - +0 mace
Res.Cold  : . . .   Warding    : .   b - +0 animal skin
Life Prot.: . . .   Conserve   : .   (shield restricted)
Res.Poison: .       Res.Corr.  : .   (helmet restricted)
Res.Elec. : .       Clarity    : .   (no cloak)
Sust.Abil.: . .     Spirit.Shd : .   (gloves unavailable)
Res.Mut.  : .       Stasis     : .   (boots unavailable)
Res.Rott. : .       Flight     : .   (no amulet)
Saprovore : + . .                    (no ring)
                                     (no ring)

@: slightly resistant to hostile enchantments, very unstealthy
A: unfitting armour, fast metabolism 1, saprovore 1, tough skin 1
a: Make dart trap, Make oklob sapling, Make arrow trap, Make plant, Remove
Curse, Make burning bush, Make altar, Make grenades, Make oklob plant, Burn
Spellbooks, Berserk, Renounce Religion


You were in the Realm of Zot.
You worshipped Trog.
Trog was aware of your devotion.
You were not hungry.

You visited 1 branch

Inventory:

Hand weapons
 a - a +0,+0 mace (weapon)
Armour
 b - a +0 animal skin (worn)
Comestibles
 d - 2 meat rations
Scrolls
 i - a scroll of blinking
Potions
 c - 2 potions of curing
 f - a potion of speed
 g - 2 potions of magic
 h - a potion of berserk rage


   Skills:
 + Level 5.7 Fighting
 + Level 6.2 Maces & Flails
 + Level 5.5 Dodging


You had 6 spell levels left.
You didn't know any spells.

Dungeon Overview and Level Annotations

Branches:
    Zot (1/1)

Altars:


Innate Abilities, Weirdness & Mutations

You are too large for most types of armour.
You have a fast metabolism.
You can tolerate rotten meat.
You have tough skin (AC +1).


Message History

Your oklob sapling spits acid at the wolf.
The splash of acid hits the wolf.
The wolf writhes in agony as its flesh is eaten away!
The wolf misses you.
You hit the wolf.
The wolf is severely wounded.
The wolf bites you!
* * * LOW HITPOINT WARNING * * *
You barely miss the wolf.
The wolf is severely wounded.
The wolf bites you.
* * * LOW HITPOINT WARNING * * *
The wolf closely misses you.
Your oklob sapling spits acid at the wolf.
The splash of acid hits the wolf.
A jackal comes into view.
You hit the wolf but do no damage.
The wolf is almost dead.
The wolf is no longer bleeding.
The wolf bites you!
You die...

######### ######### ....####
####.... .......### ###.......
.........## ##.........
..........# ######### #..........
..........###.......###..........
..........##....P....##..........
.........h#....%.%....#%.........
..........^%...%@h..%%^..........
..........#.....%.....#..........
..........##....P.%..##..........
..........###..P....###..........
..........# ######### #..........
.........## ##.........
.......### ###....... ....####
####.... ######## ########


You could see a wolf, a jackal, a friendly burning bush and 2 friendly oklob
saplings.

Vanquished Creatures
  A hell hound (Zot)
  A warg (Zot)
  A hound (Zot)
  An ooze (Zot)
  3 bats (Zot)
  A giant cockroach (Zot)
  4 jackals (Zot)
  2 kobolds (Zot)
  4 rats (Zot)
18 creatures vanquished.

Vanquished Creatures (collateral kills)
  A hound (Zot)
  A ball python (Zot)
  2 giant cockroaches (Zot)
  A giant spore (Zot)
  4 goblins (Zot)
  10 jackals (Zot)
  3 kobolds (Zot)
  A rat (Zot)
23 creatures vanquished.

Vanquished Creatures (others)
  A giant newt (Zot)
  A goblin (Zot)
  A jackal (Zot)
  2 kobolds (Zot)
5 creatures vanquished.

Grand Total: 46 creatures vanquished

Notes
Turn   | Place    | Note
--------------------------------------------------------------
     0 | Zot      | LordEnrai, the Ogre Berserker, began the quest for the Orb.
     0 | Zot      | Reached XP level 1. HP: 23/23 MP: 0/0
   239 | Zot      | Reached XP level 2. HP: 9/27 MP: 1/1
   337 | Zot      | HP: 2/46 [Crocred the hound (5)]
   338 | Zot      | Reached XP level 3. HP: 2/38 MP: 2/2
   338 | Zot      | Reached XP level 4. HP: 2/47 MP: 3/3
   402 | Zot      | Reached skill level 5 in Maces & Flails
   421 | Zot      | Reached XP level 5. HP: 18/54 MP: 4/4
   521 | Zot      | Reached skill level 5 in Fighting
   521 | Zot      | Reached XP level 6. HP: 25/62 MP: 5/5
   527 | Zot      | Noticed Haigam
   540 | Zot      | Killed Haigam the hell hound
   540 | Zot      | Reached skill level 6 in Maces & Flails
   540 | Zot      | Reached skill level 5 in Dodging
   573 | Zot      | Reached XP level 7. HP: 13/70 MP: 6/6
   608 | Zot      | Slain by a wolf

Action                   |  1- 3 |  4- 6 |  7- 9 || total
-------------------------+-------+-------+-------++-------
Melee: Mace              |    37 |    19 |     3 ||    59
Invok: Burn Spellbooks   |     3 |       |       ||     3
       Berserk           |     1 |     1 |       ||     2
 Abil: Make dart trap    |     1 |       |       ||     1
       Make oklob saplin |       |     2 |       ||     2
       Make burning bush |       |     1 |       ||     1
       Make arrow trap   |       |       |     1 ||     1
  Use: Potion            |     1 |     1 |       ||     2
 Stab: Distracted        |       |     1 |       ||     1
